 Dungeon Crawl Stone Soup version 0.28-a0-957-g42eb19b844 (webtiles) character file.

Game seed: 3561901300269238264

3 Goblin1989 the Insei (level 1, -1/15 HPs)
             Began as a Demonspawn Transmuter on Nov 30, 2021.
             Slain by a frilled lizard (2 damage)
             ... on level 1 of the Dungeon.
             The game lasted 00:00:24 (54 turns).

Goblin1989 the Insei (Demonspawn Transmuter)          Turns: 54, Time: 00:00:25

Health: -1/15      AC:  2    Str: 10    XL:     1   Next: 41%
Magic:  3/3        EV: 12    Int: 14    God:
Gold:   0          SH:  0    Dex: 13    Spells: 3/4 levels left

rFire   . . .      SeeInvis .     - Unarmed
rCold   . . .      Faith    .   (no shield)
rNeg    . . .      Spirit   .   a - +0 robe
rPois   .          Reflect  .   (no helmet)
rElec   .          Harm     .   (no cloak)
rCorr   .          Rampage  .   (no gloves)
Will    .....                   (no boots)
Stlth   +.........              (no amulet)
HPRegen 0.05/turn               (no ring)
MPRegen 0.08/turn               (no ring)

@: no status effects
A: no striking features
a: no special abilities


You were on level 1 of the Dungeon.
You visited 1 branch of the dungeon, and saw 1 of its levels.

Inventory:

Armour
 a - a +0 robe (worn)
Scrolls
 c - a scroll of enchant armour {unknown}
Potions
 b - a potion of haste {unknown}


   Skills:
 - Level 1.0 Fighting
 - Level 1.7 Dodging
 - Level 2.6 Unarmed Combat
 + Level 2.1 Spellcasting
 + Level 1.9 Transmutations


You had 3 spell levels left.
You knew the following spells:

 Your Spells              Type           Power      Damage    Failure   Level
a - Beastly Appendage     Tmut           14%        N/A       11%         1

Your spell library contained the following spells:

 Spells                   Type           Power      Damage    Failure   Level
 Wereblood                Tmut           7%         N/A       16%         2
 Spider Form              Tmut/Pois      4%         N/A       43%         3
 Ice Form                 Ice/Tmut       4%         N/A       83%         4


Dungeon Overview and Level Annotations

Branches:
Dungeon (1/15)

Altars:


Message History

You add the spells Beastly Appendage, Wereblood, Spider Form and Ice Form to your library.
You become THE GIAGGOSTUONO!
Welcome, Goblin1989 the Demonspawn Transmuter.
It is said that the Orb of Zot exists deep within this dungeon.
Press ? for a list of commands and other information.
Found an orange potion.
Found a staircase leading out of the dungeon.
b - an orange potion
c - a scroll labelled FURHIC HIOP A hobgoblin comes into view.
Casting: Beastly Appendage (safe; 12% risk of failure)
Confirm with . or Enter, or press ? or * to list all spells.
You grow a pair of large bovine horns.
Your feet morph into talons.
You now have 2/3 mp.
The hobgoblin shouts!
Your transformation is almost over.
You hit the hobgoblin. You headbutt the hobgoblin.
You kill the hobgoblin!
No target in view!
No target in view!
Your horns disappear.
Your talons disappear.
Magic restored.
You see here a hobgoblin corpse.
Found 17 stones.
MP restored: 3 A kobold comes into view.
It is wielding a +0 club.
The kobold shouts!
You hear an angry hiss.
Casting: Beastly Appendage (safe; 11% risk of failure)
Confirm with . or Enter, or press ? or * to list all spells.
You grow a pair of large bovine horns.
Your feet morph into talons.
A ball python comes into view.
You now have 2/3 mp.
You hit the kobold.
You kill the kobold!
Found 11 gold pieces.
An endoplasm comes into view.
You hit the ball python.
You kill the ball python!
Your transformation is almost over.
A frilled lizard comes into view.
A dart slug comes into view.
The endoplasm barely misses you.
Things that are here:
a +0 club; 5 stones {@Q3}; a kobold corpse The frilled lizard hisses angrily.
The endoplasm closely misses you.
MP restored: 3 Your horns disappear.
Your talons disappear.
The dart slug launches a dart at you. The slug dart hits you.
The endoplasm freezes you.
You are frozen.
You take 8 damage, and have 7/15 hp.
MASSIVE DAMAGE!!
You closely miss the frilled lizard. The frilled lizard bites you.
* * * LOW HITPOINT WARNING * * *
The endoplasm closely misses you. The dart slug launches a dart at you.
The slug dart misses you.
You take 1 damage, and have 6/15 hp.
The frilled lizard closely misses you. The endoplasm freezes you.
You are frozen.
* * * LOW HITPOINT WARNING * * *
You take 5 damage, and have 1/15 hp.
MASSIVE DAMAGE!!
The frilled lizard bites you.
You die... ██.......█ █.......██ █..██████ █..██████ ████

█.......███.(█
██.......███.██████
.
██████..██.J.....█
..
██..██l....█....█
█.†...@....██..██
█...............█
██...███)w█.███.█
█..██ ██...█ ....█
██..█ .....█ ...█
......█ .█...
.....██ ████... .$.


You could see a dart slug, an endoplasm and a frilled lizard.

Vanquished Creatures
  A ball python (D:1)
  A hobgoblin (D:1)
  A kobold (D:1)
3 creatures vanquished.

Notes
Turn   | Place    | Note
-------+----------+-------------------------------------------
     0 | D:1      | Goblin1989 the Demonspawn Transmuter began the quest for
                  | the Orb.
     0 | D:1      | Reached XP level 1. HP: 15/15 MP: 3/3
    54 | D:1      | Slain by a frilled lizard

Illustrated notes

Levels and vault maps discovered:
D:1:      minmay_arrival_wavy_path, layout_rooms, minmay_hedge_maze

Action                   || total
-------------------------++-------
Melee: Unarmed           ||     4
       Headbutt          ||     1
 Cast: Beastly Appendage ||     2
Dodge: Dodged            ||     5

Table legend: (Time is in decaauts)
 A = Elapsed time spent in this place.
 B = Non-inter-level travel time spent in this place.
 C = Inter-level travel time spent in this place.
 D = Time resting spent in this place.
 E = Time spent auto-exploring this place.
 F = Levels seen in this place.
 G = Mean time per level.
                   A        B        C        D        E       F      G
               +--------+--------+--------+--------+--------+-----+--------+
         Total |     53 |     53 |      0 |      0 |     28 |   1 |   53.0 |
       Dungeon |     53 |     53 |      0 |      0 |     28 |   1 |   53.0 |
               +--------+--------+--------+--------+--------+-----+--------+

Top non-repeatable levels by time:
     D:1: 53 daAuts
